 Dungeon Crawl Stone Soup version 0.27.1-4-g1640c2035a (webtiles) character file.

Game seed: 8139780082391679770

105 zeram the Vandal (level 4, 0/22 HPs)
             Began as a Spriggan Hunter on Nov 10, 2021.
             Killed from afar by Sigmund (6 damage)
             ... with a puff of flame
             ... on level 2 of the Dungeon.
             The game lasted 00:03:12 (1687 turns).

zeram the Vandal (Spriggan Hunter)                  Turns: 1687, Time: 00:03:12

Health: 0/22       AC:  2    Str:  8    XL:     4   Next: 53%
Magic:  5/5        EV: 18    Int: 13    God:
Gold:   64         SH:  0    Dex: 15    Spells: 1/3 levels left

rFire    . . .     SeeInvis +   a - +1 hunting sling
rCold    . . .     Faith    .   (shield restricted)
rNeg     . . .     Spirit   .   c - +0 robe
rPois    .         Reflect  .   (helmet restricted)
rElec    .         Harm     .   (no cloak)
rCorr    .         Rampage  .   (gloves unavailable)
Will     .....                  (boots unavailable)
Stlth    ++........             (no amulet)
HPRegen  0.07/turn              (no ring)
MPRegen  0.09/turn              (no ring)

@: very quick
A: very small, no large weapons, unfitting armour, see invisible, speed 3
a: no special abilities


You were on level 2 of the Dungeon.
You visited 1 branch of the dungeon, and saw 2 of its levels.

You collected 64 gold pieces.

Inventory:

Hand Weapons
 a - a +1 hunting sling (weapon)
 b - a +0 short sword
Missiles
 d - a sling bullet
 e - 8 stones (quivered ammo)
Armour
 c - a +0 robe (worn)
Jewellery
 i - a ring of positive energy
Potions
 f - a potion of curing {unknown}
 h - a potion of magic


   Skills:
 - Level 1.5 Fighting
 + Level 6.9 Slings
 + Level 3.5 Dodging
 + Level 1.7 Stealth


You had one spell level left.
You knew the following spells:

 Your Spells              Type           Power      Damage    Failure   Level
a - Blink                 Tloc           N/A        N/A       43%         2

Your spell library contained the following spells:

 Spells                   Type           Power      Damage    Failure   Level
 Shock                    Conj/Air       0%         1d3       30%         1
 Swiftness                Air            0%         N/A       67%         3
 Airstrike                Air            0%         N/A       97%         4
 Manifold Assault         Tloc           0%         N/A       100%        5
 Storm Form               Tmut/Air       0%         N/A       100%        7


Dungeon Overview and Level Annotations

Branches:
Dungeon (2/15)

Altars:
Hepliaklqana

Annotations:
D:2 Robin, Sigmund


Innate Abilities, Weirdness & Mutations

You are very small and have problems with some larger weapons.
You are too small for most types of armour.
You have supernaturally acute eyesight. (SInv)
You cover ground extremely quickly. (Speed+++)


Message History

Sigmund is heavily wounded.
Sigmund points at you and mumbles some strange words.
You easily resist.
You shoot a stone. The stone hits Sigmund.
Sigmund is severely wounded.
Sigmund casts a spell at you.
You easily resist.
You shoot a stone. The stone hits Sigmund.
Sigmund is almost dead.
Sigmund points at you and mumbles some strange words.
The magic dart hits you.
You are too injured to fight recklessly!
You are too injured to fight recklessly!
You are too injured to fight recklessly!
Unknown command.
You are too injured to fight recklessly!
Fire: 12 stones
Press: ? - help, Q - select action, (/) - cycle Shift-Dir - straight line, f/p - Sigmund
Aim: Sigmund, wielding a +0 scythe and wearing a +0 robe (almost dead, 60% to hit)
You shoot a stone. The stone barely misses Sigmund.
Fire: 11 stones
Press: ? - help, Q - select action, (/) - cycle Shift-Dir - straight line, f/p - Sigmund
Aim: Sigmund, wielding a +0 scythe and wearing a +0 robe (almost dead, 60% to hit)
You shoot a stone.
The stone hits Sigmund but does no damage.
Sigmund is almost dead.
Fire: 10 stones
Press: ? - help, Q - select action, (/) - cycle Shift-Dir - straight line, f/p - Sigmund
Aim: Sigmund, wielding a +0 scythe and wearing a +0 robe (almost dead, 60% to hit)
You shoot a stone. The stone closely misses Sigmund.
Sigmund gestures at you while chanting. The puff of flame hits you.
* * * LOW HITPOINT WARNING * * *
Fire: 9 stones
Press: ? - help, Q - select action, (/) - cycle Shift-Dir - straight line, f/p - Sigmund
Aim: Sigmund, wielding a +0 scythe and wearing a +0 robe (almost dead, 60% to hit)
You shoot a stone. The stone closely misses Sigmund.
Sigmund casts a spell at you. The puff of flame hits you.
You die...

########################
#......................##########
###.##################...........
#.# ####..##### #.# ######...#
#.## #.......## #..# ##.#.#####
##.# #######....# ## #.#
####.†..@...###
.###.####.>..####...#
..........#####....## .
###.##..### ##.##.@# #..
....###...# #..###(#####... #####
#.#.####.# #........#
#........###.(...#### #
#####........._(.## #
#..#..........#


You could see Sigmund.

Vanquished Creatures
  A jelly (D:2)
  Terence (D:2)
  An adder (D:2)
  A dart slug (D:1)
  A bat (D:2)
  5 endoplasms
  6 goblins
  4 hobgoblins (D:2)
  4 jackals (D:2)
  3 ball pythons
  A frilled lizard (D:1)
  4 kobolds (D:1)
  4 rats
36 creatures vanquished.

Notes
Turn   | Place    | Note
-------+----------+-------------------------------------------
     0 | D:1      | zeram the Spriggan Hunter began the quest for the Orb.
     0 | D:1      | Reached XP level 1. HP: 10/10 MP: 2/2
    94 | D:1      | Reached skill level 5 in Slings
   280 | D:1      | Reached XP level 2. HP: 14/14 MP: 3/3
   658 | D:2      | Noticed Terence
   677 | D:2      | Killed Terence
   678 | D:2      | Reached skill level 6 in Slings
   678 | D:2      | Reached XP level 3. HP: 9/18 MP: 4/4
   920 | D:2      | Found a hazy altar of Hepliaklqana.
   954 | D:2      | Reached XP level 4. HP: 22/22 MP: 5/5
  1031 | D:2      | Noticed Robin
  1441 | D:2      | Learned a level 2 spell: Blink
  1664 | D:2      | Noticed Sigmund
  1687 | D:2      | Killed from afar by Sigmund

Illustrated notes

Levels and vault maps discovered:
D:1:      dpeg_arrival_arbitrary_b, layout_basic
D:2:      layout_rooms, basic_altar, serial_shops, nicolae_shop_trees,
          uniq_terence, uniq_robin, uniq_sigmund

Skill      XL: |  1  2 |
---------------+-------+-----
Slings         | 5 6 |  6.9
Dodging        | 3 |  3.5
Fighting       | |  1.5
Stealth        | |  1.7

Action                   |  1- 3 |  4- 6 || total
-------------------------+-------+-------++-------
 Fire: Hunting sling     |    65 |    70 ||   135
  Use: Scroll            |     3 |       ||     3
Armor: Robe              |     1 |     6 ||     7
Dodge: Dodged            |    20 |    31 ||    51
